 Dungeon Crawl Stone Soup version 0.29-a0-121-g8efb068a30 (webtiles) character file.

Game seed: 13561441136149903763

42 EiAlmux the Firebug (level 3, -3/29 HPs)
             Began as a Draconian Fire Elementalist on Feb 20, 2022.
             Slain by a gnoll (5 damage)
             ... on level 1 of the Dungeon.
             The game lasted 00:02:35 (1588 turns).

EiAlmux the Firebug (Draconian Fire Elementalist)   Turns: 1588, Time: 00:02:36

Health: -3/29      AC:  5    Str: 10    XL:     3   Next: 35%
Magic:  0/6        EV: 11    Int: 17    God:
Gold:   21         SH:  5    Dex: 11    Spells: 3/6 levels left

rFire   . . .      SeeInvis .   b - +0 hand axe
rCold   . . .      Faith    .   a - +2 buckler
rNeg    . . .      Spirit   .   (armour unavailable)
rPois   .          Reflect  .   (helmet restricted)
rElec   .          Harm     .   (no cloak)
rCorr   .          Rampage  .   (no gloves)
Will    .....                   (no boots)
Stlth   ++........              (no amulet)
HPRegen 0.09/turn               (no ring)
MPRegen 0.10/turn               (no ring)

@: very slightly contaminated
A: AC +5, unfitting armour, cold-blooded
a: no special abilities


You were on level 1 of the Dungeon.
You visited 1 branch of the dungeon, and saw 2 of its levels.

You collected 21 gold pieces.

Inventory:

Hand Weapons
 b - a +0 hand axe (weapon)
Missiles
 d - a throwing net
Armour
 a - a +2 buckler (worn)
Jewellery
 e - an amulet of faith
Scrolls
 f - a scroll of magic mapping {unknown}
 g - a scroll of identify {unknown}
Potions
 c - a potion of brilliance {unknown}


   Skills:
 * Level 1.9 Fighting
 - Level 1.7 Dodging
 - Level 1.7 Stealth
 * Level 1.0 Shields
 + Level 2.2 Spellcasting
 + Level 1.5 Conjurations
 + Level 3.2 Fire Magic


You had 3 spell levels left.
You knew the following spells:

 Your Spells              Type           Power      Damage    Failure   Level
a - Foxfire               Conj/Fire      36%        2x1d5     10%         1
b - Scorch                Fire           24%        2d6       11%         2

Your spell library contained the following spells:

 Spells                   Type           Power      Damage    Failure   Level
 Conjure Flame            Conj/Fire      9%         6-21      28%         3
 Inner Flame              Hex/Fire       7%         N/A       36%         3
 Flame Wave               Conj/Fire      9%         2d5       67%         4
 Airstrike                Air            0%         N/A       95%         4
 Summon Lightning Spire   Summ/Air       1%         N/A       95%         4
 Lightning Bolt           Conj/Air       2%         1d13      99%         5


Dungeon Overview and Level Annotations

Branches:
Dungeon (2/15)

Altars:


Innate Abilities, Weirdness & Mutations

Your plain brown scales are hard. (AC +5)
You cannot fit into any form of body armour.
You are cold-blooded and may be slowed by cold attacks.


Message History

Done exploring.
There is a stone staircase leading down here.
Search for what [? for help]? .
You climb downwards.
The hobgoblin shouts!
The frilled lizard hisses angrily.
The gnoll shouts!
Found 18 gold pieces.
There is a stone staircase leading up here.
The hobgoblin barely misses you.
The gnoll hits you with a +2 vorpal spear.
You climb upwards.
There is a stone staircase leading down here.
Press: ? - help, v - describe, . - travel
Here: a gnoll, wielding a +2 vorpal spear The floor.
Flames lash the gnoll.
The gnoll is moderately wounded.
The gnoll's fire resistance burns away.
You block the hobgoblin's attack. The gnoll closely misses you.
Flames lash the hobgoblin.
You kill the hobgoblin!
The gnoll hits you with a +2 vorpal spear.
You miscast Scorch.
You are very lightly contaminated with residual magic.
Nothing appears to happen.
The gnoll hits you with a +2 vorpal spear.
You are too depleted to draw on your mana recklessly!
You hit the gnoll.
The gnoll is moderately wounded.
The gnoll is no longer more vulnerable to fire.
You block the gnoll's attack.
You barely miss the gnoll.
The gnoll is moderately wounded.
The gnoll hits you with a +2 vorpal spear!
* * * LOW HITPOINT WARNING * * *
x2 You barely miss the gnoll.
The gnoll is moderately wounded.
The gnoll hits you with a +2 vorpal spear.
* * * LOW HITPOINT WARNING * * *
x2 The gnoll hits you with a +2 vorpal spear.
You die...

######### #.......########
#.......'......#
#.......######.#
#.......######.#
#..............#
#..............#
#†.............####
#(@g...............
##.#.........###### #######
#.#............#.. #.....#
#.#..........#...#
#.....#######.#.........######
#..........##...........#
#..........#####........#
####..............#........#
..............###.#........#


You could see a gnoll.

Vanquished Creatures
  3 dart slugs (D:1)
  5 endoplasms (D:1)
  A giant cockroach (D:1)
  3 goblins (D:1)
  3 hobgoblins (D:1)
  5 jackals (D:1)
  2 ball pythons (D:1)
  3 bats (D:1)
  4 frilled lizards (D:1)
  A kobold (D:1)
  4 rats (D:1)
34 creatures vanquished.

Vanquished Creatures (others)
  12 foxfires (D:1)
  2 fungi (D:1)
  8 plants (D:1)
22 creatures vanquished.

Grand Total: 56 creatures vanquished

Notes
Turn   | Place    | Note
-------+----------+-------------------------------------------
     0 | D:1      | EiAlmux the Draconian Fire Elementalist began the quest for
                  | the Orb.
     0 | D:1      | Reached XP level 1. HP: 14/14 MP: 3/3
   385 | D:1      | Reached skill level 1 in Fighting
   385 | D:1      | Reached XP level 2. HP: 16/23 MP: 0/5
   610 | D:1      | Learned a level 2 spell: Scorch
   931 | D:1      | Found a faded altar of an unknown god.
   953 | D:1      | Reached XP level 3. HP: 11/29 MP: 0/6
  1445 | D:1      | Reached skill level 1 in Shields
  1588 | D:1      | Slain by a gnoll

Illustrated notes

Levels and vault maps discovered:
D:1:      ebering_trefoil_3fold, layout_basic,
          shapermc_ecumenical_altar_mp_ritualfount
D:2:      layout_rooms

Skill      XL: |  1  2  3 |
---------------+----------+-----
Fighting       | 1 |  1.9
Shields        | 1 |  1.0
Dodging        | |  1.7
Stealth        | |  1.7
Spellcasting   | |  2.2
Conjurations   | |  1.5
Fire Magic     | |  3.2

Action                   || total
-------------------------++-------
Melee: Hand axe          ||    72
       Unarmed           ||     2
       Tailslap          ||     3
 Cast: Foxfire           ||     7
       Scorch            ||    11
Armor: Skin              ||    39
Dodge: Dodged            ||    53
Block: Buckler           ||    23

Table legend: (Time is in decaauts)
 A = Elapsed time spent in this place.
 B = Non-inter-level travel time spent in this place.
 C = Inter-level travel time spent in this place.
 D = Time resting spent in this place.
 E = Time spent auto-exploring this place.
 F = Levels seen in this place.
 G = Mean time per level.
                   A        B        C        D        E       F      G
               +--------+--------+--------+--------+--------+-----+--------+
         Total |   1615 |   1582 |     33 |      0 |   1339 |   2 |  807.5 |
       Dungeon |   1615 |   1582 |     33 |      0 |   1339 |   2 |  807.5 |
               +--------+--------+--------+--------+--------+-----+--------+

Top non-repeatable levels by time:
     D:1: 1614 daAuts
     D:2: 1 daAuts
